Map: Neon Violet Square LE

Players

souL - Winner!

  • Race: Terran Terran
  • Spawn Location: 11:00

Stats

  • Race: Protoss Protoss
  • Spawn Location: 5:00

Event: IEM Season 12 - Katowice

VOD

Have the link to the VOD?

Description

Time

  • Played on: Feb. 26, 2018, 8:22 a.m.
  • Length: 6:24

All games in this series

Show
View Real Time Build Order
Export as new Build Order

souL Terran - Winner!

Build Orders:  

Get SALT Encoding   

  12  0:00  SCV  
  13  0:13  Supply Depot  
  13  0:18  SCV  
  14  0:30  SCV  
  15  0:43  SCV  
  15  0:49  Barracks  
  16  0:57  Barracks  
  16  1:00  SCV  
  17  1:08  Refinery  
  17  1:12  SCV  
  18  1:35  Orbital Command, Marine  
  19  1:41  Supply Depot  
  19  1:44  Marine  
  20  1:53  Marine  
  21  1:55  Bunker  
  21  1:56  Supply Depot  
  21  2:02  Marine  
  23  2:08  SCV  
  23  2:11  Marine  
  24  2:17  Bunker x2  
  24  2:20  Marine  
  25  2:29  Marine, Factory  
  25  2:30  SCV  
  25  2:38  Marine  
  24  2:45  SCV  
  24  2:47  Marine  
  24  2:57  SCV  
  24  3:09  SCV  
  23  3:14  Cyclone  
  26  3:21  SCV  
  26  3:25  Command Center  
  27  3:33  SCV  
  26  3:39  Supply Depot  
  26  3:42  Refinery  
  26  3:43  Marine  
  26  3:45  Marine  
  26  3:46  Cyclone  
  31  4:00  SCV, Command Center  
  31  4:01  Marine  
  31  4:02  Supply Depot  
  33  4:04  Marine  
  34  4:12  SCV  
  34  4:18  Cyclone  
  34  4:19  Marine  
  34  4:22  Marine  
  39  4:36  SCV  
  39  4:37  Marine  
  41  4:40  Marine  
  42  4:48  SCV  
  42  4:52  Cyclone  
  46  4:54  Marine  
  47  5:05  Supply Depot  
  47  5:12  SCV  
  48  5:20  Orbital Command  
  48  5:24  SCV  
  50  5:28  Cyclone  
  50  5:33  Marine  
  51  5:36  SCV  
  51  5:40  Marine  
  53  5:44  Orbital Command  
  53  5:48  SCV  
  54  5:51  Marine  
  53  6:00  SCV  
  53  6:02  Starport  
  56  6:10  SCV  
  57  6:22  Bunker  
  58  6:23  Engineering Bay  
Show
View Real Time Build Order
Export as new Build Order

Stats Protoss 

Build Orders:  

Get SALT Encoding   

  12  0:00  Probe  
  13  0:13  Probe  
  14  0:20  Pylon  
  14  0:25  Probe  
  15  0:38  Probe (Chrono Boost)  
  15  0:41  Gateway  
  16  0:47  Probe (Chrono Boost)  
  16  0:48  Assimilator  
  17  0:52  Probe  
  18  1:04  Probe  
  19  1:16  Probe  
  20  1:23  Pylon  
  20  1:26  Gateway  
  20  1:28  Cybernetics Core  
  20  1:31  Zealot (Chrono Boost)  
  22  1:53  Probe, Assimilator  
  23  2:03  Stalker (Chrono Boost)  
  26  2:16  Shield Battery  
  26  2:25  Stalker  
  27  2:33  Stalker  
  27  2:35  Shield Battery  
  18  2:55  Stalker  
  20  3:08  Probe  
  21  3:20  Probe (Chrono Boost)  
  22  3:33  Probe (Chrono Boost)  
  23  3:39  Probe (Chrono Boost)  
  24  3:47  Probe  
  25  3:59  Probe  
  26  4:07  Nexus  
  26  4:15  Probe  
  26  4:24  Stargate  
  26  4:27  Probe (Chrono Boost)  
  27  4:38  Probe (Chrono Boost)  
  28  4:42  Probe (Chrono Boost)  
  28  4:43  Pylon  
  29  4:53  Probe  
  30  5:09  Oracle (Chrono Boost)  
  31  5:21  Pylon  
  31  5:24  Pylon  
  30  5:32  Probe x2  
  32  5:37  Pylon  
  32  5:39  Pylon  
  32  5:40  Oracle (Chrono Boost)  
  35  5:48  Pylon  
  34  5:55  Probe  
  34  6:16  Pylon  

Tags
 
Add a new tag
Caveats
  • Supply blocks, unpowered buildings, or Contaminate may cause inaccurate times.
  • Supply counts are checked every 10 seconds.